AoeStats
← Gnam

Arabia

510351944Analyzed
1v1 RM · 2d ago on Sep 30, 2026· 22m 13s· 2 players
Game mode
Random Map
Map size
Tiny (2 player)
Population
200
Speed
Normal
Resources
Standard
Victory
Conquest
Starting age
Dark Age
Ending age
Imperial Age
RankedLock teamsTeams togetherTeam positionsShared explorationLock speedFull tech treeHidden civsTurbo modeCheats
Victory
Defeat
🇨🇿 Hindustanis · Czechia
1058
+15
🇦🇺 Bulgarians · Australia
1044
-15
KoalaWarlord
9:22 Loom
11:42 Feudal Age
17:56 Castle Age
17:01 Horse Collar
17:08 Double-Bit Axe
20:05 Fletching
Gnam
8:03 Loom
9:49 Feudal Age
14:26 Castle Age
14:28 Double-Bit Axe
Connection lost

Rejoining the realm…

Still unreachable

The connection could not be restored.

Session expired

The server has moved on; the page needs a fresh start.